 Dungeon Crawl Stone Soup version 0.31-a0-1327-g8c40ea976f (webtiles) character file.

Game seed: 6360034365849272646

219822 Conn the Sage (level 19, -9/126 HPs)
             Began as an Octopode Fire Elementalist on Dec 21, 2023.
             Was a High Priest of Sif Muna.
             Mangled by a +2 heavy war axe (23 damage)
             ... on level 2 of the Elven Halls.
             The game lasted 02:39:27 (29525 turns).

Conn the Sage (Octopode Fire Elementalist)         Turns: 29525, Time: 02:39:28

Health: -9/126     AC:  7    Str:  4    XL:     19   Next: 15%
Magic:  22/44      EV: 21    Int: 32    God:    Sif Muna [*****.]
Gold:   3555       SH: 17    Dex: 19    Spells: 7/43 levels left

rFire   + + .        b - staff of conjuration
rCold   + . .        L - +5 Storm Queen's Shield {shock, Fly rElec}
rNeg    . . .        (helmet restricted)
rPois   +            K - amulet of Vitality {RegenMP++ Regen++}
rElec   +            n - +4 ring of protection
rCorr   .            y - ring of fire
SInv    .            Z - +6 ring of dexterity
Will    ++...        f - +6 ring of dexterity
Stlth   ++++         N - ring of Mumul {rPois rF+}
HPRegen 2.01/turn    A - ring "Tabops" {MP+9 EV+5 Str-4 Int+7 Dex-5}
MPRegen 1.09/turn    d - ring of protection from cold
                     Y - ring of protection from cold

%: no passive effects
@: flying
A: almost no armour, amphibious, 8 rings, camouflage 1, gelatinous body 1,
(nimble swimmer 1), tentacles, iridescent scales 1, strong-willed 1
}: 1/15 runes: decaying
a: Renounce Religion, Channel Magic, Forget Spell, Divine Exegesis


You were on level 2 of the Elven Halls.
You worshipped Sif Muna.
Sif Muna was extremely pleased with you.
You visited 6 branches of the dungeon, and saw 29 of its levels.
You also visited: Sewer, Ossuary, Bailey, Ice Cave and Volcano.

You collected 4842 gold pieces.
You spent 1287 gold pieces at shops.

Inventory:

Missiles
 E - 8 throwing nets
 J - 6 curare-tipped darts
Armour
 m - a +3 buckler of reflection
 L - the +5 Storm Queen's Shield (worn) {shock, Fly rElec}
   (You acquired it on level 15 of the Dungeon)

   Shock:     When it blocks an attack, it may electrocute the attacker.
   This works even against foes who are a short distance away.
   rElec:     It insulates you from electricity.
   Fly:       It grants you flight.
Magical Staves
 b - a staff of conjuration (weapon)
Jewellery
 d - a ring of protection from cold (on tentacle)
 f - a +6 ring of dexterity (on tentacle)
 n - a +4 ring of protection (left tentacle)
 t - the amulet of Foz Tar {Reflect rN+ rCorr SH+5}
   (You found it on level 4 of the Dungeon)

   [amulet of reflection]

   Reflect:   It reflects blocked missile attacks.
   rN+:       It protects you from negative energy.
   rCorr:     It protects you from acid and corrosion.
   SH+5:      It affects your SH (+5).
 w - a ring of fire
 y - a ring of fire (right tentacle)
 A - the ring "Tabops" (on tentacle) {MP+9 EV+5 Str-4 Int+7 Dex-5}
   (You took it off a centaur warrior on level 14 of the Dungeon)

   [ring of evasion]

   EV+5:      It affects your evasion (+5).
   Str-4:     It affects your strength (-4).
   Int+7:     It affects your intelligence (+7).
   Dex-5:     It affects your dexterity (-5).
   MP+9:      It affects your magic capacity (+9).
 H - a ring of see invisible
 K - the amulet of Vitality (around mantle) {RegenMP++ Regen++}
   (You found it on level 7 of the Dungeon)

   [amulet of magic regeneration]

   RegenMP:   It increases your rate of magic regeneration.
   Regen++:   It increases your rate of health regeneration.
 N - the ring of Mumul (on tentacle) {rPois rF+}
   (You found it in an ice cave)

   [ring of protection from fire]

   rF+:       It protects you from fire.
   rPois:     It protects you from poison
 O - a ring of willpower
 T - a ring of flight
 V - a ring of resist corrosion
 Y - a ring of protection from cold (on tentacle)
 Z - a +6 ring of dexterity (on tentacle)
Wands
 x - a wand of paralysis (14)
 Q - a wand of roots (13)
 W - a wand of acid (6)
 X - a wand of digging (18)
Scrolls
 a - 3 scrolls of enchant weapon
 g - 7 scrolls of amnesia
 h - 3 scrolls of enchant armour
 j - 6 scrolls of vulnerability
 k - 4 scrolls of fog
 p - 3 scrolls of immolation
 s - 7 scrolls of fear
 u - 7 scrolls of teleportation
 v - 6 scrolls of noise
 B - a scroll of butterflies
 D - 2 scrolls of torment
 I - 7 scrolls of revelation
 P - 7 scrolls of identify
 S - 3 scrolls of poison
Potions
 c - 6 potions of mutation
 e - 10 potions of curing
 i - 4 potions of magic
 l - 8 potions of haste
 o - 4 potions of resistance
 q - 4 potions of enlightenment
 r - 4 potions of lignification
 z - 6 potions of brilliance
 C - 3 potions of invisibility
 F - 5 potions of attraction
 M - 6 potions of heal wounds
 R - 4 potions of cancellation
Miscellaneous
 U - a phantom mirror


   Skills:
 + Level 9.9 Fighting
 - Level 3.1 Staves
 - Level 8.6 Dodging
 - Level 6.0 Stealth
 - Level 10.3 Shields
 + Level 12.9 Spellcasting
 * Level 12.8 Conjurations
 - Level 5.3 Hexes
 - Level 5.3 Summonings
 - Level 5.0 Translocations
 * Level 13.6 Fire Magic
 + Level 9.6 Air Magic
 - Level 5.0 Earth Magic
 - Level 5.0 Alchemy
 * Level 15.1 Invocations


You had 7 spell levels left.
You knew the following spells:

 Your Spells              Type           Power      Damage    Failure   Level
a - Foxfire               Conj/Fire      100%       2x1d9     1%          1
b - Scorch                Fire           100%       2d9       1%          2
c - Inner Flame           Hex/Fire       89%        N/A       1%          3
d - Flame Wave            Conj/Fire      100%       2d21      1%          4
e - Blink                 Tloc           100%       N/A       2%          2
f - Mephitic Cloud        Conj/Alch/Air  87%        N/A       1%          3
g - Stone Arrow           Conj/Erth      100%       3d13      1%          3
h - Plasma Beam           Fire/Air       48%        2x1d63    17%         6
i - Fireball              Conj/Fire      62%        3d24      1%          5
j - Iskenderun's Mystic   Conj/Tloc      86%        2d17      3%          4
k - Summon Guardian Gole  Hex/Summ       53%        N/A       4%          3

Your spell library contained the following spells:

 Spells                   Type           Power      Damage    Failure   Level
 Apportation              Tloc           100%       N/A       1%          1
 Magic Dart               Conj           100%       1d8       1%          1
 Shock                    Conj/Air       100%       1d9       1%          1
 Slow                     Hex            100%       N/A       1%          1
 Sting                    Conj/Alch      100%       1d9       1%          1
 Summon Small Mammal      Summ           100%       N/A       1%          1
 Mercury Vapours          Alch/Air       100%       N/A       1%          2
 Momentum Strike          Conj/Tloc      100%       3d10      1%          2
 Searing Ray              Conj           100%       2d8       1%          2
 Static Discharge         Conj/Air       100%       3-8/arc   1%          2
 Dazzling Flash           Conj/Hex       100%       N/A       1%          3
 Swiftness                Air            70%        N/A       1%          3
 Volatile Blastmotes      Fire/Tloc      100%       2d18      1%          3
 Iskenderun's Battlesphe  Conj           100%       2d15      1%          5
 Call Imp                 Summ           100%       N/A       2%          2
 Cigotuvi's Dreadful Rot  Necr/Alch/Air  100%       N/A       2%          2
 Jinxbite                 Hex            100%       N/A       2%          2
 Lesser Beckoning         Tloc           100%       N/A       2%          2
 Airstrike                Air            35%        2d(5-21)  2%          4
 Hailstorm                Conj/Ice       75%        3d13      3%          3
 Brom's Barrelling Bould  Conj/Erth      86%        2d10      3%          4
 Fulminant Prism          Conj/Alch      43%        3d19      3%          4
 Ignite Poison            Fire/Alch      88%        N/A       3%          4
 Sticky Flame             Fire/Alch      88%        2d13      3%          4
 Call Canine Familiar     Summ           53%        N/A       4%          3
 Sigil of Binding         Hex            53%        N/A       4%          3
 Tukima's Dance           Hex            53%        N/A       4%          3
 Gell's Gravitas          Tloc           51%        N/A       5%          3
 Teleport Other           Tloc           51%        N/A       5%          3
 Summon Lightning Spire   Summ/Air       62%        N/A       6%          4
 Ensorcelled Hibernation  Hex/Ice        74%        N/A       7%          2
 Vhi's Electric Charge    Tloc/Air       100%       N/A       7%          4
 Irradiate                Conj/Alch      43%        3d26      10%         5
 Dimensional Bullseye     Hex/Tloc       26%        N/A       16%         4
 Leda's Liquefaction      Alch/Erth      25%        N/A       17%         4
 Manifold Assault         Tloc           51%        N/A       17%         4
 Passage of Golubria      Tloc           51%        N/A       17%         4
 Petrify                  Alch/Erth      51%        N/A       17%         4
 Freezing Cloud           Conj/Ice/Air   40%        6-21      17%         5
 Silence                  Hex/Air        31%        N/A       17%         5
 Fugue of the Fallen      Necr           20%        N/A       38%         3
 Ozocubu's Armour         Ice            20%        N/A       38%         3
 Summon Mana Viper        Hex/Summ       53%        N/A       38%         5
 Anguish                  Hex/Necr       18%        N/A       41%         4
 Summon Ice Beast         Ice/Summ       37%        N/A       41%         4
 Summon Forest            Summ/Tloc      26%        N/A       41%         5
 Yara's Violent Unravell  Hex/Alch       26%        3d11      41%         5
 Alistair's Intoxication  Alch           34%        N/A       43%         5
 Bombard                  Conj/Erth      43%        9d7       47%         6
 Orb of Destruction       Conj           50%        9d13      52%         7
 Metabolic Englaciation   Hex/Ice        18%        N/A       77%         5
 Animate Dead             Necr           20%        N/A       80%         4
 Dispel Undead            Necr           20%        3d11      80%         4
 Borgnjor's Vile Clutch   Necr/Erth      18%        N/A       80%         5
 Eringya's Noxious Bog    Alch           25%        4d6       95%         6
 Spellforged Servitor     Conj/Summ      43%        N/A       95%         7
 Agony                    Necr           20%        N/A       98%         5
 Death Channel            Necr           10%        N/A       100%        6
 Simulacrum               Ice/Necr       10%        N/A       100%        6
 Haunt                    Necr/Summ      18%        N/A       100%        7
 Monstrous Menagerie      Summ           26%        N/A       100%        7
 Ozocubu's Refrigeration  Ice            10%        4d9       100%        7
 Ignition                 Fire           52%        3d14      97%         8
 Infestation              Necr           10%        N/A       100%        8
 Lehudib's Crystal Spear  Conj/Erth      43%        10d10     100%        8
 Maxwell's Capacitive Co  Air            35%        ∞         100%        8
 Chain Lightning          Conj/Air       47%        3d63      100%        9
 Fire Storm               Conj/Fire      62%        8d16      100%        9
 Polar Vortex             Ice            10%        12d1*     100%        9
 Animate Armour           Summ/Erth      Unusable   N/A       N/A         4

Dungeon Overview and Level Annotations

Branches:
Dungeon (15/15)            Temple (1/1) D:5            Lair (5/5) D:8
  Swamp (4/4) Lair:3       Spider (0/4) Lair:3        Slime (0/5) Lair:5
    Orc (2/2) D:11            Elf (2/3) Orc:2        Vaults (0/5) D:14
  Sewer (visited)         Ossuary (visited)          Bailey (visited)
  IceCv (visited)         Volcano (visited)
 Depths: D:15

Altars:
Ashenzari
Cheibriados
Dithmenos
Elyvilon
Fedhas
Gozag
Hepliaklqana
Kikubaaqudgha
Makhleb
Nemelex Xobeh
Okawaru
Qazlal
Ru
Sif Muna
Trog
Uskayaw
Vehumet
Wu Jian
Xom
Yredelemnul
Zin
The Shining One
Jiyva

Shops:
D:1 ?   D:2 ?   D:7 *   Orc:1 *   Orc:2 ([[:   Elf:1 ([   Elf:2 :

Annotations:
D:3 Natasha
D:15 Roxanne
Elf:1 exclusion: 2 orange crystal statues


Innate Abilities, Weirdness & Mutations

You cannot wear most types of armour.
You are amphibious.
You can wear up to eight rings at the same time.
Your skin changes colour to match your surroundings (Stealth+).
Your rubbery body absorbs attacks. (AC +1, EV +1)
((You are camouflaged when in or above water. (Stealth+)))
You have tentacles for arms and can constrict up to eight enemies at once.
You are partially covered in iridescent scales. (AC +2)
You are strong-willed. (Will+)


Message History

The flame wave engulfs the deep elf knight!!
You kill the deep elf knight!
Sif Muna accepts your kill.
The flame wave engulfs the deep elf blademaster.
The deep elf blademaster is severely wounded.
The flame wave engulfs the +2 heavy war axe.
The +2 heavy war axe resists.
The +2 heavy war axe is lightly damaged.
The flame wave engulfs the +1 glaive of protection but does no damage.
You finish channelling waves of flame.
The deep elf blademaster is engulfed in noxious fumes.
The deep elf blademaster appears confused.
The +1 glaive of protection hits you from afar!!
The deep elf pyromancer gestures wildly while chanting.
The +2 heavy war axe hits you!!
* * * LOW HITPOINT WARNING * * *
The deep elf blademaster is engulfed in noxious fumes.
The deep elf blademaster hits you with a +0 rapier!
* * * LOW HITPOINT WARNING * * *
The deep elf blademaster hits you with a +0 rapier!
* * * LOW HITPOINT WARNING * * *
The deep elf blademaster hits itself with a +0 rapier!
The deep elf blademaster hits itself with a +0 rapier.
Okay, then.
Okay, then.
Okay, then.
Press: ? - help, v - describe, . - travel, g - get item
Here: a +1 glaive of protection (noxious fumes)
Items here: a +0 shortbow; a +0 dagger; a +2 mace of holy wrath.
The floor.
Unknown command.
Unknown command.
Unknown command.
Unknown command.
You feel much better.
You feel less invigorated.
The +1 glaive of protection closely misses you.
A +1 heavy broad axe comes into view.
The deep elf pyromancer casts a spell.
The deep elf pyromancer blinks!
The +2 heavy war axe hits you!!
You die...

#....○...).......# .........#
#...E.......)....# ..........
#...§....)..)....# .........#
#.........)...).)# .........
###○..##.........)
....e....+###E.#..#........)#
........#+§○○...............#
........##☼e○#.).#......)...#
........#)((@e..............#
.........(###..#..#..))).)...
..........####...##...).)....
.........###............)...#
.......... #................#
.....e...###........∩.......#
........## #................#
....#...# #................#
..###.. #................'


You could see a deep elf blademaster (confused), a deep elf pyromancer, 2 fire
elementals and 3 dancing weapons.

Vanquished Creatures
  Mara (Swamp:4)
  the Lernaean hydra (Swamp:4)
  Norris (Elf:1)
  Zenata (Elf:1)
  The ghost of Uwih the Metamorph, an adept DrSh of Nemelex Xobeh (Swamp:1)
  Louise (Swamp:4)
  A ghoul (Swamp:1)
  An orc warlord (Orc:2)
  3 eleionomae
  A deep elf death mage (Elf:1)
  A deep elf annihilator (Elf:1)
  2 bunyips
  A shambling mangrove (Swamp:3)
  A fire dragon (Lair:5)
  An ice dragon (IceCv)
  5 ogre magi
  27 hydras
  A catoblepas (Lair:4)
  13 alligators
  The ghost of Bizboz the Thaumaturge, a journeyman DjAl of Qazlal (D:10)
  3 ghost crabs
  Harold (Lair:2)
  5 boulder beetles
  9 centaur warriors
  6 death yaks (Lair:2)
  18 dancing weapons
  23 two-headed ogres
  A death knight (D:14)
  3 orc high priests
  10 deep elf knights
  7 skysharks
  8 skeletal warriors
  5 goliath frogs
  9 swamp dragons
  A deep troll (D:14)
  5 spriggan druids
  13 bog bodies
  20 deep elf archers
  2 arcanists (D:14)
  A lindwurm (Lair:5)
  18 deep elf zephyrmancers
  26 deep elf pyromancers
  4 orc knights
  8 cyclopes
  6 manticores
  A wolf spider (D:15)
  2 will-o-the-wisps
  3 orc sorcerers
  2 oklob plants (Lair:5)
  17 ugly things
  2 ice statues (IceCv)
  16 elephants
  A torpor snail (Lair:5)
  4 black mambas (Lair:5)
  Joseph (D:7)
  3 molten gargoyles (Lair:5)
  2 gargoyles
  11 cane toads
  An unseen horror (D:10)
  5 rime drakes
  7 komodo dragons
  An efreet (D:14)
  2 kobold demonologists (D:10)
  A polar bear (Lair:4)
  3 trolls
  A bloated husk (Swamp:1)
  11 tyrant leeches
  8 blink frogs
  13 hornets
  5 dream sheep (Lair:3)
  An air elemental (Elf:1)
  19 slime creatures
  Sigmund (D:4)
  11 spriggans
  A vampire (Bailey)
  6 wyverns
  A shadow (D:11)
  A water elemental (Elf:1)
  3 wraiths
  Eustachio (D:5)
  6 wargs
  5 fire elementals (Volcano)
  A spriggan (shapeshifter) (D:14)
  62 yaks
  2 steam dragons (Lair:5)
  7 basilisks
  15 vampire mosquitoes
  3 redbacks (Lair:3)
  2 neqoxecs (D:10)
  15 swamp worms
  4 acid dragons
  13 water moccasins
  6 hell hounds
  Duvessa (D:7)
  10 swamp drakes
  33 orc warriors
  3 black bears
  2 ice beasts
  A sky beast (D:7)
  2 boggarts (D:14)
  36 ogres
  A wolf (shapeshifter) (Elf:1)
  9 centaurs
  14 wolves
  7 kobold brigands
  2 phantoms
  11 bullfrogs
  7 gnoll sergeants
  4 scorpions
  4 wights (D:7)
  Dowan (D:7)
  3 lindwurm simulacra (IceCv)
  A killer bee (D:7)
  5 howler monkeys
  6 wolf zombies (Bailey)
  8 vampire bats (Bailey)
  5 electric eels
  5 lava snakes (Lair:5)
  6 komodo dragon simulacra (IceCv)
  2 quasits (D:10)
  Crazy Yiuf (D:3)
  A spectral scorpion (Ossuary)
  19 orc priests
  8 hounds
  A gnoll bouda (D:7)
  Natasha (D:3)
  A human skeleton (D:3)
  An iguana (D:7)
  20 orc wizards
  4 sleepcaps
  6 hell rats (Lair:3)
  2 crocodile zombies (Ossuary)
  A bullfrog simulacrum (Ossuary)
  A mummy (Ossuary)
  Robin (D:3)
  24 gnolls
  A river rat (D:6)
  6 adders
  4 acid dragon simulacra (IceCv)
  5 shadow imps
  12 white imps (D:12)
  9 ufetubi
  2 spectral adders (Ossuary)
  8 steam dragon simulacra (IceCv)
  An adder simulacrum (Ossuary)
  2 dart slugs (D:4)
  80 orcs
  2 spectral bats (Ossuary)
  3 ball pythons
  2 bat zombies (Sewer)
  5 endoplasms
  5 giant cockroaches
  10 gnoll zombies (Ossuary)
  20 goblins
  8 hobgoblins
  3 quokkas
  6 bats
  A frilled lizard (D:1)
  A goblin skeleton (D:3)
  4 goblin zombies (Ossuary)
  5 hobgoblin zombies (Ossuary)
  3 jackal simulacra (Ossuary)
  25 kobolds
  6 kobold simulacra (Ossuary)
  3 kobold zombies (Ossuary)
  28 orc zombies
  2 rats
  2 spectral jackals (Ossuary)
  3 spectral kobolds (Ossuary)
1144 creatures vanquished.

Vanquished Creatures (collateral kills)
  A hydra (Lair:5)
  A deep elf archer (Elf:1)
  A basilisk (Lair:5)
  A hell hound (Lair:5)
  An orc warrior (Orc:1)
  2 quasits (D:10)
  18 foxfires
25 creatures vanquished.

Vanquished Creatures (others)
  An eleionoma (Swamp:3)
  An alligator (Swamp:3)
  1803 foxfires
1805 creatures vanquished.

Grand Total: 2974 creatures vanquished

Notes
Turn   | Place    | Note
-------+----------+-------------------------------------------
     0 | D:1      | Conn the Octopode Fire Elementalist began the quest for the
                  | Orb.
     0 | D:1      | Reached XP level 1. HP: 11/11 MP: 3/3
   386 | D:1      | Found Taosem's Magic Scroll Shoppe.
   506 | D:1      | Reached XP level 2. HP: 17/17 MP: 5/5
   798 | D:2      | Reached XP level 3. HP: 10/21 MP: 0/6
   802 | D:2      | Learned a level 2 spell: Scorch
   806 | D:2      | Learned a level 3 spell: Inner Flame
   915 | D:2      | You fall into a shaft and drop 1 floor!
  1033 | D:3      | Noticed Robin
  1047 | D:3      | Killed Robin
  1207 | D:2      | Reached XP level 4. HP: 27/27 MP: 3/7
  1286 | D:2      | Found The Oracle's Delphic Readings.
  1654 | D:3      | Found a runed translucent door.
  1655 | D:3      | Noticed Crazy Yiuf
  1665 | D:3      | Killed Crazy Yiuf
  1767 | D:3      | Noticed a human
  1769 | D:3      | Found a runed translucent door.
  1770 | D:3      | Found a basalt altar of Yredelemnul.
  1779 | D:3      | Reached XP level 5. HP: 29/31 MP: 1/8
  1889 | D:3      | Noticed Natasha
  1897 | D:3      | Killed Natasha
  1898 | D:3      | Reached skill level 1 in Hexes
  1973 | D:3      | Noticed Natasha
  2793 | D:4      | Reached XP level 6. HP: 36/36 MP: 5/10
  3090 | D:4      | Identified the amulet of Foz Tar {Reflect rN+ rCorr SH+5}
  3093 | D:4      | Noticed Sigmund
  3144 | D:4      | Killed Sigmund
  3427 | D:5      | Entered Level 5 of the Dungeon
  3434 | D:5      | Noticed a black bear
  3442 | D:5      | Killed a black bear
  3443 | D:5      | Reached XP level 7. HP: 41/41 MP: 4/11
  3502 | D:5      | Found a staircase to the Ecumenical Temple.
  3516 | Temple   | Entered the Ecumenical Temple
  3529 | Temple   | Became a worshipper of Sif Muna the Loreminder
  3733 | D:5      | Reached skill level 5 in Stealth
  4243 | D:5      | Reached XP level 8. HP: 46/46 MP: 7/13
  4443 | D:5      | Found a glowing golden altar of the Shining One.
  4489 | D:5      | Noticed Eustachio
  4500 | D:5      | Killed Eustachio
  4570 | D:5      | Reached skill level 5 in Conjurations
  4883 | D:1      | Bought a scroll of blinking for 75 gold pieces
  4883 | D:1      | Bought a scroll of butterflies for 40 gold pieces
  4883 | D:1      | Bought a scroll of identify for 20 gold pieces
  4891 | D:1      | Identified a scroll of acquirement
  4891 | D:1      | Acquired 1112 gold pieces
  4977 | D:2      | Bought a book of Spatial Translocations for 216 gold pieces
  4977 | D:2      | Bought a book of the Senses for 480 gold pieces
  4977 | D:2      | Bought a scroll of immolation for 48 gold pieces
  4977 | D:2      | Bought a scroll of teleportation for 36 gold pieces
  4977 | D:2      | Bought a scroll of identify for 24 gold pieces
  5020 | D:4      | Learned a level 4 spell: Flame Wave
  5023 | D:4      | Learned a level 2 spell: Blink
  5119 | D:6      | Reached skill level 1 in Translocations
  5127 | D:6      | Found a sand-covered staircase.
  5134 | Ossuary  | Entered an ossuary
  5195 | Ossuary  | Reached * piety under Sif Muna
  5204 | Ossuary  | Reached skill level 1 in Invocations
  5489 | D:6      | Reached ** piety under Sif Muna
  5490 | D:6      | Reached skill level 5 in Fire Magic
  5560 | D:6      | Found a glowing drain.
  5569 | Sewer    | Entered a sewer
  5631 | Sewer    | Reached XP level 9. HP: 51/51 MP: 11/15
  5914 | Sewer    | Found an ancient bone altar of Kikubaaqudgha.
  6032 | Sewer    | Reached skill level 2 in Invocations
  6361 | D:6      | Reached skill level 5 in Dodging
  6564 | D:6      | Reached *** piety under Sif Muna
  7113 | D:6      | Learned a level 3 spell: Mephitic Cloud
  7336 | D:7      | Reached skill level 1 in Alchemy
  7381 | D:7      | Noticed Duvessa
  7381 | D:7      | Noticed Dowan
  7386 | D:7      | Killed Dowan
  7387 | D:7      | Reached skill level 1 in Air Magic
  7399 | D:7      | Noticed Joseph
  7592 | D:7      | Killed Duvessa
  7718 | D:7      | Killed Joseph
  7719 | D:7      | Reached skill level 3 in Invocations
  7860 | D:7      | Reached XP level 10. HP: 52/56 MP: 11/17
  8019 | D:8      | Reached skill level 5 in Spellcasting
  8034 | D:8      | Gained mutation: You are strong-willed. (Will+) [potion of
                  | mutation]
  8034 | D:8      | Gained mutation: You are partially covered in iridescent
                  | scales. (AC +2) [potion of mutation]
  8242 | D:8      | Noticed a two-headed ogre
  8248 | D:8      | Killed a two-headed ogre
  8248 | D:8      | Reached **** piety under Sif Muna
  8434 | D:8      | Found a staircase to the Lair.
  8470 | D:8      | Reached skill level 5 in Hexes
  8545 | D:8      | Learned a level 3 spell: Stone Arrow
  8774 | D:8      | Reached skill level 4 in Invocations
  8948 | D:8      | Found a hide-covered altar of Uskayaw.
  8960 | D:8      | Found a shadowy altar of Dithmenos.
  8977 | D:8      | Found a stormy altar of Qazlal.
  9141 | D:7      | Found Zin's Purification Station.
  9145 | D:7      | Reached skill level 1 in Earth Magic
  9396 | D:7      | Found a glowing silver altar of Zin.
  9507 | D:7      | Found the amulet of Vitality {RegenMP++ Regen++}
  9619 | D:7      | Reached XP level 11. HP: 44/61 MP: 8/19
  9921 | D:7      | Found a white marble altar of Elyvilon.
 10125 | Lair:1   | Entered Level 1 of the Lair of Beasts
 10146 | Lair:1   | Reached skill level 1 in Shields
 10146 | Lair:1   | Reached skill level 5 in Translocations
 10157 | Lair:1   | Reached skill level 5 in Air Magic
 10167 | Lair:1   | Reached skill level 1 in Fighting
 10258 | Lair:1   | Reached ***** piety under Sif Muna
 10259 | Lair:1   | Reached skill level 5 in Alchemy
 10483 | Lair:1   | Identified the +4 quarterstaff "Ceezoew" {venom, Will+
                  | Int-3 Dex+4}
 10798 | Lair:2   | Noticed a boulder beetle
 10798 | Lair:2   | Noticed a death yak
 10798 | Lair:2   | Noticed a death yak
 10798 | Lair:2   | Noticed a death yak
 10798 | Lair:2   | Noticed a death yak
 10798 | Lair:2   | Noticed a death yak
 10798 | Lair:2   | Noticed a death yak
 10818 | Lair:2   | Killed a boulder beetle
 10819 | Lair:2   | Reached skill level 5 in Invocations
 10820 | Lair:2   | Killed a death yak
 10822 | Lair:2   | Noticed Harold
 10825 | Lair:2   | Killed a death yak
 10829 | Lair:2   | Killed Harold
 10830 | Lair:2   | Killed a death yak
 10831 | Lair:2   | Reached XP level 12. HP: 11/72 MP: 13/21
 10838 | Lair:2   | Killed a death yak
 10851 | Lair:2   | Killed a death yak
 10851 | Lair:2   | Received a gift from Sif Muna
 10881 | Lair:2   | Killed a death yak
 10892 | Lair:2   | Got Sif Muna's Anthology of Reformation and Space {god
                  | gift}
 11211 | Lair:2   | Reached skill level 5 in Shields
 11215 | Lair:2   | Reached skill level 6 in Invocations
 11902 | Lair:3   | Found a dark tunnel.
 11910 | Volcano  | Entered a volcano
 11917 | Volcano  | Learned a level 4 spell: Summon Lightning Spire
 12006 | Volcano  | Reached skill level 1 in Summonings
 12020 | Volcano  | Reached XP level 13. HP: 76/79 MP: 14/23
 12394 | Lair:3   | Found a staircase to the Swamp.
 12401 | Lair:3   | Reached skill level 5 in Earth Magic
 12513 | Lair:3   | Received a gift from Sif Muna
 12531 | Lair:3   | Got Sif Muna's Anthology of the Scorched Mob {god gift}
 12611 | Lair:3   | Found a hole to the Spider Nest.
 12736 | Lair:3   | Reached skill level 1 in Staves
 12866 | Lair:3   | Reached skill level 7 in Invocations
 13804 | Lair:5   | Entered Level 5 of the Lair of Beasts
 13940 | Lair:5   | Reached XP level 14. HP: 54/85 MP: 6/25
 14043 | Lair:5   | Reached skill level 5 in Summonings
 14304 | Lair:5   | Reached skill level 8 in Invocations
 14498 | Lair:5   | Learned a level 5 spell: Fireball
 14503 | Lair:5   | Found a large runed translucent door.
 14506 | Lair:5   | Found a large runed translucent door.
 14978 | Lair:5   | Found a viscous altar of Jiyva.
 14991 | Lair:5   | Found a staircase to the Slime Pits.
 15663 | D:9      | Found a flagged portal.
 15683 | Bailey   | Entered a bailey
 15709 | Bailey   | Received a gift from Sif Muna
 15712 | Bailey   | Got Sif Muna's Anthology of Frigid Blasts {god gift}
 16669 | D:10     | Entered Level 10 of the Dungeon
 16886 | D:10     | Found a transporter.
 16896 | D:10     | Noticed Bizboz's ghost (journeyman DjAl)
 16910 | D:10     | Found a transporter.
 17134 | D:10     | Received a gift from Sif Muna
 17137 | D:10     | Got Sif Muna's Parchment of Destructive Interference {god
                  | gift}
 17196 | D:10     | Found a blossoming altar of Fedhas.
 17205 | D:10     | Reached ****** piety under Sif Muna
 17206 | D:10     | Reached skill level 5 in Fighting
 17351 | D:10     | Killed Bizboz's ghost
 17622 | D:11     | Found a staircase to the Orcish Mines.
 17956 | D:11     | Reached skill level 9 in Invocations
 18257 | D:11     | Found an ornate altar of the Wu Jian Council.
 18300 | D:11     | Reached XP level 15. HP: 92/92 MP: 20/27
 18353 | D:11     | Identified the +3 war axe of Jaceop {spect, rC+}
 18604 | Orc:1    | Entered Level 1 of the Orcish Mines
 18724 | Orc:1    | Found Qasya's Assorted Antiques.
 18817 | Orc:1    | Received a gift from Sif Muna
 18884 | Orc:1    | Got Sif Muna's Vellum of the Dimensional Deep Freeze {god
                  | gift}
 19095 | Orc:2    | Entered Level 2 of the Orcish Mines
 19111 | Orc:2    | Noticed an orc warlord
 19125 | Orc:2    | Killed an orc warlord
 19154 | Orc:2    | Found a staircase to the Elven Halls.
 19251 | Orc:2    | Reached skill level 10 in Invocations
 19259 | Orc:2    | Reached skill level 10 in Conjurations
 19267 | Orc:2    | Received a gift from Sif Muna
 19397 | Orc:2    | Found Ygaisim's Book Boutique.
 19452 | Orc:2    | Got Sif Muna's Omnibus of Maleficia and the Missiles {god
                  | gift}
 19462 | Orc:2    | Learned a level 4 spell: Iskenderun's Mystic Blast
 19475 | Orc:2    | Found Uzan's Weapon Boutique.
 19475 | Orc:2    | Found Cinyd's Antique Weapon Shoppe.
 19476 | Orc:2    | Found Poiguas's Armour Emporium.
 19476 | Orc:2    | Found Hulaj's Armour Boutique.
 19496 | Orc:2    | Bought 5 curare-tipped darts for 60 gold pieces
 19861 | Elf:1    | Entered Level 1 of the Elven Halls
 19992 | Elf:1    | Reached skill level 10 in Fire Magic
 20074 | Elf:1    | Reached XP level 16. HP: 57/101 MP: 3/29
 20258 | Elf:1    | Found Cotacoj's Antique Armour Boutique.
 20283 | Elf:1    | Noticed Zenata
 20298 | Elf:1    | HP: 3/101 [+0 long sword of holy wrath[Zenata] (19)]
 20398 | Elf:1    | Reached skill level 11 in Invocations
 20501 | Elf:1    | Killed Zenata
 20744 | Elf:1    | Paralysed by an air elemental for 1 turns
 20766 | Elf:1    | Found Jiqyeg's Antique Weapon Emporium.
 20870 | Elf:1    | Bought a scorched shortbow for 288 gold pieces
 20870 | Elf:1    | Identified the +0 shortbow of the Trees {flame, rPois rCorr
                  | Str+5 Int-3} (You bought it in a shop on level 1 of the
                  | Elven Halls)
 20981 | Elf:1    | Reached skill level 10 in Shields
 21013 | Elf:1    | Noticed Norris
 21023 | Elf:1    | Killed Norris
 21024 | Elf:1    | Reached skill level 10 in Spellcasting
 21350 | Elf:1    | Learned a level 4 spell: Airstrike
 21626 | D:12     | Reached skill level 12 in Invocations
 21687 | D:12     | Received a gift from Sif Muna
 21697 | D:12     | Got Niosase's Secrets of Displacement and the Discharge
                  | {god gift}
 21752 | D:12     | Found a frozen archway.
 21766 | IceCv    | Entered an ice cave
 21921 | IceCv    | Identified the ring of Mumul {rPois rF+}
 22644 | D:12     | Learned a level 6 spell: Plasma Beam
 22856 | D:13     | Found a transporter.
 22858 | D:13     | Found a transporter.
 22952 | D:13     | Found a transporter.
 22955 | D:13     | Found a transporter.
 23207 | D:13     | Found a transporter.
 23211 | D:13     | Found a transporter.
 23479 | D:14     | Reached XP level 17. HP: 109/109 MP: 25/31
 23555 | D:14     | Received a gift from Sif Muna
 24200 | D:14     | Identified the ring "Tabops" {MP+9 EV+5 Str-4 Int+7 Dex-5}
 24253 | D:14     | Reached skill level 13 in Invocations
 24305 | D:14     | Identified the ring of Kivvoit {rPois rN+}
 24315 | D:14     | Identified the ring of Kaegaq {*Corrode rC+ Will+ Str+6}
 24317 | D:14     | Identified the ring "Muiluth" {Fly Slay+2}
 24569 | D:14     | Found a gate to the Vaults.
 24719 | D:15     | Entered Level 15 of the Dungeon
 24891 | D:15     | Noticed Roxanne
 24902 | D:15     | Learned a level 3 spell: Summon Guardian Golem
 25347 | D:15     | Acquired the +5 Storm Queen's Shield {shock, Fly rElec}
 25347 | D:15     | Found the +5 Storm Queen's Shield {shock, Fly rElec}
 25940 | Swamp:1  | Entered Level 1 of the Swamp
 26066 | Swamp:1  | Received a gift from Sif Muna
 26079 | Swamp:1  | Got Ebluat's Monograph on the Welkin and Transmogrification
                  | {god gift}
 26561 | Swamp:1  | Found a runed translucent door.
 26563 | Swamp:1  | Noticed Uwih's ghost (adept DrSh)
 26564 | Swamp:1  | Identified the +5 trident "Mip Denk" {flame, rElec rC+
                  | rCorr Str+3}
 26564 | Swamp:1  | Identified the +2 robe of Eprots {rPois Dex+4 SInv}
 26600 | Swamp:1  | Killed Uwih's ghost
 26678 | Swamp:1  | Identified the +5 dagger "Ox" {distort, ^Fragile Fly rElec
                  | rCorr}
 26915 | Swamp:2  | Reached XP level 18. HP: 117/117 MP: 23/33
 27019 | Swamp:2  | Reached skill level 14 in Invocations
 27761 | Swamp:4  | Entered Level 4 of the Swamp
 27818 | Swamp:4  | Noticed Louise
 27927 | Swamp:4  | Received a gift from Sif Muna
 27930 | Swamp:4  | Killed Louise
 27931 | Swamp:4  | Got Matebb's Discursus on Meteoric Blows {god gift}
 28029 | Swamp:4  | Acquired 377 gold pieces
 28127 | Swamp:4  | Noticed Mara
 28202 | Swamp:4  | Noticed the 27-headed Lernaean hydra
 28210 | Swamp:4  | Killed the 27-headed Lernaean hydra
 28225 | Swamp:4  | Killed Mara
 28375 | Swamp:4  | Got a decaying rune of Zot
 29070 | Elf:2    | Reached skill level 15 in Invocations
 29073 | Elf:2    | Reached XP level 19. HP: 118/126 MP: 22/35
 29096 | Elf:2    | Found Onla's Book Shop.
 29126 | Elf:2    | Found a runed translucent gate.
 29126 | Elf:2    | Found a runed translucent gate.
 29126 | Elf:2    | Found a runed translucent gate.
 29524 | Elf:2    | HP: 1/126 [deep elf blademaster/+0 rapier (16)]
 29525 | Elf:2    | Mangled by a +2 heavy war axe

Illustrated notes

Levels and vault maps discovered:
D:1:      matt_arrival_los_fun, layout_loops_cross, serial_shops, shop
D:2:      layout_rooms, nicolae_nh_oracle_at_delphi
D:3:      layout_loops_ring, dk_yredelemnul_ordeal, uniq_crazy_yiuf_cottage,
          uniq_robin, uniq_natasha
D:4:      layout_loops_ring, uniq_sigmund
D:5:      layout_basic, kennysheep_little_box,
          minmay_temple_entry_gardened_gates, nicolae_elevator_lobby_asterisk,
          uniq_eustachio
D:6:      layout_loops_ring, portal_sewer_entry_a, chequers_ossuary_entry_cave
D:7:      minmay_clustersquares, layout_rooms, zin_purify, elyvilon_altar_3,
          uniq_duvessa, uniq_joseph
D:8:      layout_cave_pools, mainiacjoe_overflow_large_starburst,
          pf_just_have_faith, erik_lair_island
D:9:      layout_irregular_city, enter_bailey_5
D:10:     layout_basic, fedhas_altar_1, gammafunk_ghost_stat_death
D:11:     minmay_octagon_keep, layout_basic, orc_david_3, special_room
          [special_room_orc], nicolae_wu_jian_immortal_techniques
D:12:     layout_small_grid, portal_ice_cave_entry_imps, serial_glass,
          glass_columns_b, glass_columns_a, grunt_decor_cap
D:13:     layout_cave_pods, serial_nicolae_subway, nicolae_sub_station_crystal,
          nicolae_sub_station_metal, nicolae_sub_station_stone
D:14:     minmay_the_grid_triangle_9x9_recursive_2_mashed
          [minmay_the_grid_triangle_9x9_prize_special,
          minmay_the_grid_triangle_9x9_pentomino_pain,
          minmay_the_grid_triangle_9x9_stretched_checkered,
          minmay_the_grid_triangle_9x9_longest], layout_basic,
          hangedman_vaults_entry_quadrant_bands, nicolae_two_hexagons,
          serial_library_hellmonk_octagon
D:15:     gammafunk_enter_depths_forms, layout_grid_maze,
          minmay_misc_feat_enclosed, uniq_roxanne
Temple:   dpeg_chambers_temple
Lair:1:   layout_hall_layers, grunt_megastairs_3
Lair:2:   layout_loops_ring, serial_bayou_pond_d, lemuel_old_faithful,
          infiniplex_staircase_pool, uniq_harold
Lair:3:   layout_cave_pods, minmay_swamp_entry_wisps, spider_nest_entry_webs,
          lightli_volcano_entry_magma_tube, minivault_26, minivault_25,
          lemuel_fruit_fields, serial_bayou_shore_b
Lair:4:   layout_loops_ring, grunt_megastairs_4
Lair:5:   cheibrodos_lair_end_hotspot, layout_small_grid,
          minmay_slime_entry_oklob_enclosed
Swamp:1:  layout_basic_swamp, ebering_ghost_funeral_grove,
          nicolae_swamp_very_dense_foliage
Swamp:2:  layout_falls_marsh, evilmike_swamp_ruin_rubble_2, swamp_pool_5
Swamp:3:  layout_basic_swamp, hangedman_swamp_cone
Swamp:4:  grunt_swamp_rune_castle, layout_basic_swamp, swamp_pool_1_2,
          nicolae_swamp_stuck_in_the_mud, uniq_louise, uniq_mara
Orc:1:    layout_caves, serial_shops, nicolae_lakefront_shop, mines2_lemuel
Orc:2:    st_orc_ogre_mass, layout_caves, serial_shops,
          nicolae_shop_temple_entry_statues_fountains
Elf:1:    layout_geoelf_grid, serial_shops, shop,
          nicolae_shop_overgrown_old_shop, minmay_elf_crystal_hexagon,
          david_greed, uniq_zenata, uniq_norris
Elf:2:    elven_hall_of_blades_hangedman_original
          [infiniplex_blade_entry_pillars], layout_onion_city, serial_shops,
          shop, lemuel_elevator

Skill      XL: |  1  2  3  4  5  6  7  8  9 10 11 12 13 14 15 16 17 18 |
---------------+-------------------------------------------------------+-----
Stealth        | 3 4 5 6 |  6.0
Conjurations   | 2 3 4 5 6 7 8 9 10 11 12 | 12.8
Hexes          | 1 2 3 4 5 |  5.3
Dodging        | 3 4 5 6 7 8 |  8.6
Spellcasting   | 3 4 5 6 7 8 9 10 11 12 | 12.9
Fire Magic     | 4 5 6 7 8 9 10 12 13 | 13.6
Translocations | 2 3 4 5 |  5.0
Invocations    | 1 3 4 5 6 7 9 10 12 13 15 | 15.1
Alchemy        | 2 4 5 |  5.0
Air Magic      | 2 4 5 7 9 |  9.6
Earth Magic    | 1 3 4 5 |  5.0
Shields        | 4 6 7 8 9 10 | 10.3
Fighting       | 2 4 5 6 7 8 9 |  9.9
Summonings     | 1 4 5 |  5.3
Staves         | 2 3 |  3.1

Action                     |  1- 3 |  4- 6 |  7- 9 | 10-12 | 13-15 | 16-18 | 19-21 || total
---------------------------+-------+-------+-------+-------+-------+-------+-------++-------
  Melee: Short sword       |    19 |       |       |       |       |       |       ||    19
         Constrict         |     4 |     5 |    30 |    11 |    38 |    11 |       ||    99
         Tentacles         |     3 |     3 |    41 |    26 |    74 |    21 |       ||   168
         Dagger            |       |     6 |     3 |       |       |       |       ||     9
         Staff             |       |    11 |   113 |    99 |   208 |    66 |       ||   497
         Punch             |       |       |     6 |     1 |     4 |     3 |       ||    14
   Cast: Foxfire           |    31 |    82 |   132 |   223 |   329 |   231 |       ||  1028
         Scorch            |     1 |     6 |    50 |    57 |   164 |   106 |       ||   384
         Inner Flame       |       |     2 |     5 |    20 |    63 |    58 |       ||   148
         Flame Wave        |       |       |    12 |    27 |   105 |    85 |     2 ||   231
         Mephitic Cloud    |       |       |     4 |    17 |    21 |     5 |     1 ||    48
         Blink             |       |       |     1 |     2 |    12 |     4 |       ||    19
         Stone Arrow       |       |       |       |     1 |    60 |    34 |     1 ||    96
         Summon Lightning  |       |       |       |       |    13 |     3 |       ||    16
         Iskenderun's Myst |       |       |       |       |     4 |    44 |     9 ||    57
         Fireball          |       |       |       |       |       |   255 |    12 ||   267
         Airstrike         |       |       |       |       |       |     1 |       ||     1
         Summon Guardian G |       |       |       |       |       |     1 |       ||     1
         Plasma Beam       |       |       |       |       |       |     3 |     1 ||     4
         Fire Storm        |       |       |       |       |       |     1 |       ||     1
         Chain Lightning   |       |       |       |       |       |     1 |       ||     1
 Invoke: Channel Magic     |       |       |     3 |     1 |     1 |     1 |     1 ||     7
         Divine Exegesis   |       |       |       |       |       |     2 |       ||     2
  Evoke: Wand              |       |       |     1 |     3 |       |     1 |       ||     5
         Phantom mirror    |       |       |       |       |     1 |       |       ||     1
    Use: Scroll            |       |     3 |    12 |    11 |     5 |    10 |       ||    41
         Potion            |       |       |     4 |     3 |     4 |     1 |     1 ||    13
   Stab: Sleeping          |     7 |     3 |     5 |       |    11 |     1 |       ||    27
         Distracted        |       |     1 |       |       |       |       |       ||     1
 Armour: Skin              |     8 |    24 |    76 |   118 |   326 |   253 |    13 ||   818
  Dodge: Dodged            |     9 |    19 |    97 |    98 |   254 |   229 |     7 ||   713
  Block: Other             |       |       |    30 |    11 |       |       |       ||    41
         Reflection        |       |       |     1 |       |    10 |    23 |       ||    34
         Kite shield       |       |       |       |    95 |   416 |    80 |    10 ||   601
         Buckler           |       |       |       |       |    33 |   123 |       ||   156

Table legend: (Time is in decaauts)
 A = Elapsed time spent in this place.
 B = Non-inter-level travel time spent in this place.
 C = Inter-level travel time spent in this place.
 D = Time resting spent in this place.
 E = Time spent auto-exploring this place.
 F = Levels seen in this place.
 G = Mean time per level.
                   A        B        C        D        E       F      G
               +--------+--------+--------+--------+--------+-----+--------+
         Total |  29689 |  28483 |   1206 |    977 |  17248 |  34 |  873.2 |
       Dungeon |  15737 |  15130 |    607 |    591 |  10205 |  15 | 1049.1 |
        Temple |     26 |     26 |      0 |      0 |      0 |   1 |   26.0 |
          Lair |   5160 |   4780 |    380 |     39 |   3062 |   5 | 1032.0 |
         Swamp |   2700 |   2592 |    108 |    151 |   1410 |   4 |  675.0 |
  Orcish Mines |   1314 |   1254 |     60 |     20 |    719 |   2 |  657.0 |
   Elven Halls |   2372 |   2322 |     50 |    123 |   1169 |   2 | 1186.0 |
         Sewer |    762 |    762 |      0 |     43 |    476 |   1 |  762.0 |
       Ossuary |    356 |    356 |      0 |      0 |      0 |   1 |  356.0 |
        Bailey |    481 |    481 |      0 |      0 |    125 |   1 |  481.0 |
      Ice Cave |    320 |    320 |      0 |      0 |     42 |   1 |  320.0 |
       Volcano |    455 |    455 |      0 |     10 |     40 |   1 |  455.0 |
               +--------+--------+--------+--------+--------+-----+--------+

Top non-repeatable levels by time:
   Elf:1: 1639 daAuts
  Lair:5: 1639 daAuts
     D:7: 1466 daAuts
     D:5: 1399 daAuts
     D:6: 1308 daAuts
    D:14: 1286 daAuts
     D:3: 1270 daAuts
     D:8: 1258 daAuts
  Lair:3: 1242 daAuts
    D:11: 1078 daAuts
    D:15: 1038 daAuts
     D:1: 925 daAuts
    D:10: 923 daAuts
     D:4: 874 daAuts
 Swamp:1: 867 daAuts
